 Dungeon Crawl Stone Soup version 0.31-a0-728-g01b46875f1 (webtiles) character file.

Game seed: 3471797497888441820

966 Newt the Chopper (level 8, 0/49 HPs)
             Began as a Gargoyle Fighter on Sept 11, 2023.
             Was an Initiate of Okawaru.
             Slain by an ogre
             ... wielding a +0 giant club
              (29 damage)
             ... on level 6 of the Dungeon.
             The game lasted 00:03:22 (4028 turns).

Newt the Chopper (Gargoyle Fighter)                 Turns: 4028, Time: 00:03:23

Health: 0/49       AC: 14    Str: 23    XL:     8   Next: 15%
Magic:  2/2        EV:  9    Int:  8    God:    Okawaru [......]
Gold:   358        SH:  9    Dex: 11    Spells: 7/7 levels left

rFire   + + .        l - +10 hand axe of the Little People {antimagic, rF+ Dex+2}
rCold   . . .        c - +0 buckler
rNeg    + . .        b - +0 scale mail
rPois   ∞            (no helmet)
rElec   +            t - +0 cloak
rCorr   +            (no gloves)
SInv    .            q - +0 pair of boots
Will    .....        x - amulet of reflection Stlth
                     r - ring of protection from fire
HPRegen 0.28/turn    u - ring of resist corrosion
MPRegen 0.08/turn

%: reflection
@: no status effects
A: sickness immunity, AC +5, negative energy resistance 1, electricity
resistance, torment resistance 1, petrification resistance
a: Renounce Religion


You were on level 6 of the Dungeon.
You worshipped Okawaru.
Okawaru was noncommittal.
You visited 2 branches of the dungeon, and saw 7 of its levels.

You collected 718 gold pieces.
You spent 360 gold pieces at shops.

Inventory:

Hand Weapons
 a - a +0 flail
 l - the +10 hand axe of the Little People (weapon) {antimagic, rF+ Dex+2}
   (You found it on level 2 of the Dungeon)

   Dex+2:     It affects your dexterity (+2).
   rF+:       It protects you from fire.
Missiles
 e - 11 poisoned darts
Armour
 b - a +0 scale mail (worn)
 c - a +0 buckler (worn)
 q - a +0 pair of boots (worn)
 t - a +0 cloak (worn)
Jewellery
 r - a ring of protection from fire (left hand)
 u - a ring of resist corrosion (right hand)
 x - an amulet of reflection (around neck)
 E - an amulet of regeneration
Wands
 B - a wand of acid (9)
Scrolls
 m - a scroll of fog {unknown}
 n - a scroll of revelation {unknown}
 o - a scroll of teleportation
 p - a scroll of enchant armour {unknown}
 v - a scroll of immolation {unknown}
 w - a scroll of blinking
 y - a scroll of amnesia
 A - a scroll of brand weapon {unknown}
 C - a scroll of identify {unknown}
 D - a scroll of silence {unknown}
 F - 3 scrolls of noise {unknown}
 G - 2 scrolls of vulnerability
 H - a scroll of enchant weapon {unknown}
Potions
 d - a potion of might
 f - 2 potions of curing
 g - 2 potions of enlightenment {unknown}
 h - a potion of mutation {unknown}
 i - 2 potions of heal wounds {unknown}
 j - a potion of resistance {unknown}
 k - a potion of ambrosia {unknown}
 s - a potion of haste {unknown}
 z - a potion of lignification {unknown}


   Skills:
 - Level 5.0 Fighting
 + Level 7.6(7.8) Axes
 - Level 2.0(5.6) Maces & Flails
 - Level 3.2 Armour
 - Level 3.2 Shields


You had 7 spell levels left.
You didn't know any spells.
Your spell library contained the following spells:

 Spells                   Type           Power      Damage    Failure   Level
 Apportation              Tloc           0%         N/A       78%         1
 Magic Dart               Conj           0%         1d3       78%         1
 Necrotise                Necr           0%         1d4       78%         1
 Ensorcelled Hibernation  Hex/Ice        0%         N/A       89%         2
 Jinxbite                 Hex            0%         N/A       89%         2
 Searing Ray              Conj           0%         2d4       89%         2
 Frozen Ramparts          Ice            0%         1d1       98%         3
 Gell's Gravitas          Tloc           0%         N/A       98%         3
 Ozocubu's Armour         Ice            0%         N/A       98%         3
 Teleport Other           Tloc           0%         N/A       98%         3
 Anguish                  Hex/Necr       0%         N/A       100%        4
 Dispel Undead            Necr           0%         3d6       100%        4
 Fulminant Prism          Conj/Hex       0%         3d5       100%        4
 Passage of Golubria      Tloc           0%         N/A       100%        4
 Petrify                  Tmut/Erth      0%         N/A       100%        4
 Metabolic Englaciation   Hex/Ice        0%         N/A       100%        5
 Yara's Violent Unravell  Hex/Tmut       0%         3d3       100%        5
 Dispersal                Tloc           0%         N/A       100%        6
 Ozocubu's Refrigeration  Ice            0%         4d7       100%        7
 Summon Small Mammal      Summ           Unusable   N/A       N/A         1
 Cigotuvi's Dreadful Rot  Necr/Pois/Air  Unusable   N/A       N/A         2
 Tukima's Dance           Hex            Unusable   N/A       N/A         3
 Death Channel            Necr           Unusable   N/A       N/A         6

Dungeon Overview and Level Annotations

Branches:
Dungeon (6/15)             Temple (1/1) D:5

Altars:
Cheibriados
Dithmenos
Elyvilon
Fedhas
Hepliaklqana
Kikubaaqudgha
Okawaru
Ru
Sif Muna
Uskayaw
Vehumet
Zin
The Shining One

Shops:
D:4 =


Innate Abilities, Weirdness & Mutations

You are immune to sickness and miasma.
Your stone body is resilient. (AC +5)
You are immune to poison.
You resist negative energy. (rN+)
You are resistant to electric shocks. (rElec)
You are resistant to unholy torment.
You are immune to petrification.


Message History

It is a scroll of amnesia.
You feel forgetful for a moment.
A bullfrog comes into view.
The bullfrog croaks.
A bullfrog is nearby!
You completely miss the bullfrog. You block the bullfrog's attack.
You slash the bullfrog!
The bullfrog is heavily wounded.
The bullfrog hits you but does no damage.
You block the bullfrog's attack.
You slash the bullfrog!
The bullfrog is almost dead.
The bullfrog swells and bulges.
The bullfrog hits you but does no damage.
A bullfrog is nearby!
You closely miss the bullfrog.
The bullfrog is almost dead.
You block the bullfrog's attack. x2
A bullfrog is nearby!
You slash the bullfrog!
You kill the bullfrog!
Okawaru accepts your kill.
F - 3 scrolls labelled NIDDIU QENTO (gained 2)
You open the door.
There is an open door here.
An ogre comes into view. It is wielding a +0 giant club.
The ogre shouts!
The ogre hits you with a +0 giant club!!
You hit the ogre.
The ogre is moderately wounded.
You feel your willpower return. You block the ogre's attack.
You slash the ogre!
The ogre is heavily wounded.
You hit the ogre.
The ogre is severely wounded.
You hear the slow rusting of a very distant drain.
The ogre hits you with a +0 giant club!!
Ouch! That really hurt!
You die...

......~.#........#
⌠....._.#........#
..##....#........#
.########........#
.................#
##...............#
#....'...####...#####+#
#....###.# #..........
###### #+# ###@.......
#O.$..... #..$.....
......... .........
##########


You could see an ogre.

Vanquished Creatures
  Duvessa (D:4)
  A water moccasin (D:5)
  An ogre (D:4)
  2 phantoms (D:4)
  A bullfrog (D:6)
  A scorpion (D:3)
  Dowan (D:4)
  2 hounds (D:5)
  5 iguanas
  3 gnolls (D:3)
  4 adders
  A white imp (D:5)
  An ufetubus (D:5)
  3 worms
  2 dart slugs
  11 orcs
  5 ball pythons
  2 bats (D:2)
  3 endoplasms
  2 giant cockroaches
  3 goblins
  2 hobgoblins (D:1)
  8 kobolds
  4 quokkas
  8 frilled lizards
  6 rats
83 creatures vanquished.

Notes
Turn   | Place    | Note
-------+----------+-------------------------------------------
     0 | D:1      | Newt the Gargoyle Fighter began the quest for the Orb.
     0 | D:1      | Reached XP level 1. HP: 14/14 MP: 1/1
   258 | D:1      | Reached XP level 2. HP: 20/20 MP: 2/2
   593 | D:2      | Identified a scroll of acquirement
   593 | D:2      | Acquired 446 gold pieces
   614 | D:2      | Identified the +10 hand axe of the Little People
                  | {antimagic, rF+ Dex+2}
   680 | D:2      | Reached XP level 3. HP: 24/24 MP: 1/3
  1241 | D:3      | Noticed a scorpion
  1245 | D:3      | Killed a scorpion
  1246 | D:3      | Reached skill level 5 in Fighting
  1246 | D:3      | Reached skill level 2 in Axes
  1246 | D:3      | Reached XP level 4. HP: 29/31 MP: 1/4
  1414 | D:3      | Found a hide-covered altar of Uskayaw.
  1439 | D:3      | Reached XP level 5. HP: 25/35 MP: 1/5
  1444 | D:3      | Reached skill level 3 in Axes
  1980 | D:4      | Noticed a phantom
  1980 | D:4      | Noticed a phantom
  1984 | D:4      | Killed a phantom
  1996 | D:4      | Killed a phantom
  1997 | D:4      | Reached skill level 4 in Axes
  1997 | D:4      | Reached XP level 6. HP: 29/40 MP: 2/6
  2108 | D:4      | Found a hazy altar of Hepliaklqana.
  2366 | D:4      | Noticed Duvessa
  2366 | D:4      | Noticed Dowan
  2379 | D:4      | Killed Duvessa
  2380 | D:4      | Reached skill level 5 in Axes
  2380 | D:4      | Reached XP level 7. HP: 17/44 MP: 2/7
  2386 | D:4      | Killed Dowan
  2804 | D:4      | Found Xethoegg's Jewellery Boutique.
  2807 | D:4      | Bought an amulet of reflection for 360 gold pieces
  2900 | D:4      | Reached skill level 6 in Axes
  3250 | D:5      | Entered Level 5 of the Dungeon
  3421 | D:5      | Found a staircase to the Ecumenical Temple.
  3432 | Temple   | Entered the Ecumenical Temple
  3625 | D:5      | Found an iron altar of Okawaru.
  3641 | D:5      | Became a worshipper of Warmaster Okawaru
  3830 | D:5      | Reached skill level 7 in Axes
  3832 | D:5      | Reached XP level 8. HP: 49/49 MP: 2/8
  3982 | D:6      | Found an ancient bone altar of Kikubaaqudgha.
  4028 | D:6      | Slain by an ogre

Illustrated notes

Levels and vault maps discovered:
D:1:      psy_arrival_fountain, layout_loops_ring, minmay_tromino_i2
D:2:      layout_loops_ring
D:3:      layout_rooms, nicolae_uskayaw_suspiria
D:4:      layout_loops_ring, old_standard_altar, serial_shops,
          kennysheep_mini_moat, kennysheep_nub, small_statue_intersection,
          chequers_serial_rivers_micro_b, patterned_corridor, uniq_duvessa
D:5:      layout_loops_cross, okawaru_metal_pillars_1_2,
          minmay_temple_entry_antechambers, minmay_lizard_king
D:6:      layout_basic, kiku_gazebo_pond_becter, serial_shops, shop,
          cheibrodos_sewer_entry_bend, minivault_26
Temple:   dpeg_three_leaves_temple

Skill      XL: |  1  2  3  4  5  6  7 |
---------------+----------------------+-----
Fighting       | 4 5 |  5.0
Axes           | 2 4 5 7 |  7.6
Maces & Flails | |  2.0
Armour         | |  3.2
Shields        | |  3.2

Action                     |  1- 3 |  4- 6 |  7- 9 || total
---------------------------+-------+-------+-------++-------
  Melee: Flail             |    32 |       |       ||    32
         Hand axe          |    19 |    63 |    78 ||   160
    Use: Scroll            |     2 |     2 |     2 ||     6
         Potion            |       |     4 |       ||     4
 Armour: Scale mail        |    26 |    38 |    24 ||    88
  Dodge: Dodged            |    23 |    29 |    20 ||    72
  Block: Buckler           |     7 |     8 |    34 ||    49

Table legend: (Time is in decaauts)
 A = Elapsed time spent in this place.
 B = Non-inter-level travel time spent in this place.
 C = Inter-level travel time spent in this place.
 D = Time resting spent in this place.
 E = Time spent auto-exploring this place.
 F = Levels seen in this place.
 G = Mean time per level.
                   A        B        C        D        E       F      G
               +--------+--------+--------+--------+--------+-----+--------+
         Total |   4057 |   3901 |    156 |    486 |   2858 |   7 |  579.6 |
       Dungeon |   4055 |   3900 |    155 |    486 |   2858 |   6 |  675.8 |
        Temple |      1 |      0 |      1 |      0 |      0 |   1 |    1.0 |
               +--------+--------+--------+--------+--------+-----+--------+

Top non-repeatable levels by time:
     D:4: 1308 daAuts
     D:5: 726 daAuts
     D:3: 715 daAuts
     D:2: 652 daAuts
     D:1: 603 daAuts
     D:6: 49 daAuts
  Temple: 1 daAuts
